 Dungeon Crawl Stone Soup version 0.29.1-1-gd02db6906a (webtiles) character file.

Game seed: 6676473113052527556

109 Icepheonix32 the Insei (level 4, 0/26 (32) HPs)
             Began as a Merfolk Transmuter on Oct 5, 2022.
             Slain by Ijyb
             ... wielding a +4 dagger of draining
              (3 damage)
             ... while paralysed by Ijyb
             ... on level 3 of the Dungeon.
             The game lasted 00:03:24 (3519 turns).

Icepheonix32 the Insei (Merfolk Transmuter)         Turns: 3519, Time: 00:03:25

HP:   0/26 (32)     AC:  2    Str: 10    XL:     4   Next: 89%
MP:   5/7           EV:  2    Int: 14    God:
Gold: 150           SH:  0    Dex: 14    Spells: 2/8 levels left

rFire   . . .      SeeInvis .     - Unarmed
rCold   . . .      Faith    .   (no shield)
rNeg    . . .      Spirit   .   a - +0 robe
rPois   .          Reflect  .   (helmet currently unavailable)
rElec   .          Harm     .   (no cloak)
rCorr   .          Rampage  .   (no gloves)
Will    .....                   (boots currently unavailable)
Stlth   +.........              (no amulet)
HPRegen 0.08/turn               (no ring)
MPRegen 0.10/turn               (no ring)

@: paralysed, appendages, wereblooded, heavily drained
A: horns 2, (nimble swimmer 2), mertail
a: End Transformation


You were on level 3 of the Dungeon.
You had temporarily grown beastly horns.
You visited 1 branch of the dungeon, and saw 3 of its levels.

You collected 150 gold pieces.

Inventory:

Missiles
 i - 6 silver boomerangs
Armour
 a - a +0 robe (worn)
Jewellery
 l - a ring of protection from cold
Scrolls
 e - a scroll of blinking {unknown}
 m - a scroll of identify
Potions
 b - a potion of lignification
 c - 2 potions of berserk rage {unknown}
 d - a potion of might {unknown}
 f - 2 potions of ambrosia {unknown}
 g - a potion of heal wounds
 h - a potion of curing {unknown}
 k - a potion of mutation {unknown}
 n - a potion of cancellation {unknown}


   Skills:
 + Level 1.2 Fighting
 + Level 3.1 Dodging
 + Level 0.4 Stealth
 + Level 4.2 Unarmed Combat
 + Level 2.6 Spellcasting
 * Level 4.1 Transmutations
 * Level 1.3 Poison Magic


You had 2 spell levels left.
You knew the following spells:

 Your Spells              Type           Power      Damage    Failure   Level
a - Beastly Appendage     Tmut           26%        N/A       4%          1
b - Wereblood             Tmut           13%        N/A       6%          2
c - Spider Form           Tmut/Pois      9%         N/A       22%         3

Your spell library contained the following spells:

 Spells                   Type           Power      Damage    Failure   Level
 Slow                     Hex            4%         N/A       22%         1
 Confusing Touch          Hex            1%         N/A       56%         3
 Vampiric Draining        Necr           1%         2d6       56%         3
 Ice Form                 Ice/Tmut       7%         N/A       67%         4


Dungeon Overview and Level Annotations

Branches:
Dungeon (3/15)

Altars:

Annotations:
D:3 Ijyb


Innate Abilities, Weirdness & Mutations

You have temporarily grown beastly horns.
((You are very nimble when in or above water. (Stealth+, EV+, Speed+++)))
Your lower body shifts to a powerful aquatic tail in water.


Message History

Casting: Beastly Appendage (safe; 4% risk of failure)
Confirm with . or Enter, or press ? or * to list all spells.
Your blood is infused with primal strength.
The goblin completely misses you.
You hit the goblin.
The goblin is heavily wounded.
The goblin completely misses you.
You hit the goblin but do no damage.
The goblin is heavily wounded.
You hit Ijyb.
Ijyb is lightly wounded.
You hit Ijyb.
Ijyb is moderately wounded.
Ijyb screams, "Die!"
Ijyb closely misses you.
You barely miss Ijyb.
Ijyb is moderately wounded.
Ijyb hits you with a +4 dagger of draining.
You feel drained.
You hit Ijyb but do no damage.
Ijyb is moderately wounded.
Ijyb hits you but does no damage.
You feel drained.
You closely miss Ijyb.
Ijyb is moderately wounded.
You hit Ijyb. Your headbutt misses Ijyb.
Ijyb is moderately wounded.
Ijyb misses you.
Unknown command.
You closely miss Ijyb.
Ijyb is moderately wounded.
Ijyb zaps a wand.
You suddenly lose the ability to move!
The now-empty wand crumbles to dust.
Ijyb hits you with a +4 dagger of draining.
You feel drained.
Ijyb hits you with a +4 dagger of draining!
You feel drained.
Ijyb hits you with a +4 dagger of draining!
* * * LOW HITPOINT WARNING * * *
You feel drained.
You die...

!.#........
..........#
#.......#
#.......##..#
#.....†.....#
###.....####..#
# .....#†#g# .
###.##.#g# .###
#.#####.##.#@#
....
...........#.#
##.#
######.####.#
#####......#
#..........#
#.###.####.#
#.# #.# #.# #.#
#.# #.# #.# #..
...


You could see Ijyb and a goblin.

Vanquished Creatures
  Jessica (D:2)
  Terence (D:3)
  A worm (D:3)
  An orc (D:3)
  2 giant cockroaches
  5 hobgoblins
  3 jackals (D:2)
  4 quokkas
  7 ball pythons
  4 bats
  4 frilled lizards
  6 goblins
  7 kobolds
  3 rats
49 creatures vanquished.

Notes
Turn   | Place    | Note
-------+----------+-------------------------------------------
     0 | D:1      | Icepheonix32 the Merfolk Transmuter began the quest for the
                  | Orb.
     0 | D:1      | Reached XP level 1. HP: 15/15 MP: 3/3
    11 | D:1      | Noticed an electric eel
    44 | D:1      | Found a faded altar of an unknown god.
   514 | D:1      | Reached XP level 2. HP: 19/21 MP: 3/5
  1963 | D:2      | Reached XP level 3. HP: 25/26 MP: 4/6
  2048 | D:2      | Noticed Jessica
  2053 | D:2      | Learned a level 2 spell: Wereblood
  2057 | D:2      | Learned a level 3 spell: Spider Form
  2071 | D:2      | Killed Jessica
  2416 | D:2      | Reached XP level 4. HP: 24/32 MP: 5/7
  3352 | D:3      | Noticed Terence
  3368 | D:3      | Killed Terence
  3369 | D:3      | Reached skill level 1 in Poison Magic
  3497 | D:3      | Noticed Ijyb
  3499 | D:3      | Paralysed by Ijyb for 2 turns
  3516 | D:3      | Paralysed by Ijyb for 5 turns
  3519 | D:3      | Slain by Ijyb

Illustrated notes

Levels and vault maps discovered:
D:1:      arrival_aquarium_a, layout_basic, basic_ecumenical_altar
D:2:      layout_loops_ring, minmay_goblin_outpost, uniq_jessica
D:3:      layout_loops_ring, old_standard_altar, uniq_terence, uniq_ijyb

Skill      XL: |  1  2  3  4 |
---------------+-------------+-----
Transmutations | 3 4 |  4.1
Dodging        | 3 |  3.1
Unarmed Combat | 4 |  4.2
Poison Magic   | 1 |  1.3
Fighting       | |  1.2
Stealth        | |  0.4
Spellcasting   | |  2.6

Action                   |  1- 3 |  4- 6 || total
-------------------------+-------+-------++-------
Melee: Unarmed           |   102 |    66 ||   168
       Headbutt          |     7 |     7 ||    14
       Punch             |     1 |     2 ||     3
 Cast: Beastly Appendage |    21 |    12 ||    33
       Spider Form       |     1 |       ||     1
       Wereblood         |       |     1 ||     1
  Use: Scroll            |       |     4 ||     4
       Potion            |       |     1 ||     1
 Stab: Sleeping          |       |     1 ||     1
Armor: Robe              |    21 |    11 ||    32
       Skin              |       |     6 ||     6
Dodge: Dodged            |    75 |    38 ||   113
